Map: Rooftop Terrace

Players

Rugi - Winner!

  • Race: Terran Terran
  • League: Master
  • Spawn Location: 6:00

Loken - Winner!

  • Race: Zerg Zerg
  • League: Platinum
  • Spawn Location: 7:00

Myran - Winner!

  • Race: Protoss Protoss
  • Spawn Location: 6:00

Scaramanga

  • Race: Terran Terran
  • Spawn Location: 11:00

TimeTwist

  • Race: Protoss Protoss
  • Spawn Location: 12:00

FrogMint

  • Race: Zerg Zerg
  • Spawn Location: 12:00

VOD

Have the link to the VOD?

Description

Time

  • Played on: March 13, 2017, 6:32 p.m.
  • Length: 19:09
Show
View Real Time Build Order
Export as new Build Order

Rugi Terran - Winner!

Build Orders: MMM Bio 

Get SALT Encoding   

  12  0:01  SCV  
  13  0:14  SCV  
  14  0:19  Supply Depot  
  14  0:28  SCV  
  15  0:40  SCV  
  16  0:45  Barracks  
  16  0:47  Refinery  
  16  0:52  SCV  
  17  1:04  SCV  
  18  1:15  Barracks  
  18  1:18  SCV  
  19  1:31  SCV  
  20  1:33  Reaper  
  20  1:34  Supply Depot  
  21  1:43  Orbital Command  
  21  2:02  Reaper  
  21  2:06  Reaper  
  23  2:09  SCV  
  23  2:11  Supply Depot  
  24  2:21  SCV  
  25  2:26  Command Center  
  25  2:34  Reaper  
  26  2:39  SCV  
  26  2:42  Reaper  
  28  2:45  Refinery  
  28  2:50  Barracks  
  28  2:51  SCV  
  29  3:08  Barracks Reactor  
  25  3:42  Marine x2  
  25  3:44  Orbital Command, SCV  
  28  3:55  Factory  
  28  3:56  SCV, Marine x2  
  28  4:00  Barracks Tech Lab  
  32  4:08  SCV  
  32  4:11  Barracks Reactor  
  32  4:13  Marine  
  32  4:14  SCV  
  34  4:20  Bunker, SCV  
  35  4:26  SCV, Command Center  
  36  4:32  SCV  
  36  4:33  Marine x3  
  40  4:38  SCV  
  40  4:40  Stimpack  
  40  4:44  SCV  
  42  4:47  Starport  
  42  4:48  Factory Reactor  
  42  4:50  SCV  
  43  4:56  Supply Depot  
  43  4:59  SCV  
  44  5:03  SCV  
  44  5:05  Marine  
  44  5:06  Marine x2  
  48  5:07  Marine  
  48  5:12  SCV  
  50  5:14  Supply Depot  
  50  5:15  SCV  
  50  5:19  Marauder  
  53  5:24  SCV  
  53  5:27  SCV  
  55  5:29  Marine  
  55  5:30  Marine x2  
  55  5:31  Marine  
  59  5:36  SCV  
  59  5:38  Medivac  
  59  5:39  Medivac  
  59  5:42  Marauder  
  66  5:43  Factory Reactor  
  66  5:45  SCV  
  66  5:47  Orbital Command  
  66  5:48  SCV  
  68  5:56  Engineering Bay x2  
  68  5:57  SCV  
  68  6:00  SCV  
  68  6:03  Marine x3  
  73  6:09  SCV  
  74  6:12  SCV  
  74  6:16  Marauder, Marine  
  78  6:23  Marine x2  
  78  6:24  Marine, Medivac x2  
  78  6:25  SCV  
  85  6:31  SCV  
  85  6:32  SCV  
  87  6:37  Marauder, SCV  
  87  6:39  Marine  
  91  6:41  Marine x2  
  93  7:39  Barracks  
  93  7:41  Barracks  
  93  7:42  Supply Depot  
  93  7:43  Marauder, SCV x2, Marine x4  
  100  7:45  Barracks x2, Supply Depot  
  100  7:46  Supply Depot x2  
  100  7:47  Barracks, Supply Depot  
  100  7:48  Barracks  
  78  8:00  Marine x3, Medivac x2  
  78  8:01  SCV x2  
  78  8:03  Terran Infantry Armor Level 1, Terran Infantry Weapons Level 1  
  78  8:05  SCV  
  88  8:06  Armory  
  88  8:07  Refinery  
  88  8:08  Refinery  
  88  8:13  SCV x2  
  88  8:17  SCV  
  91  8:25  SCV x2  
  93  8:27  Marine x3  
  93  8:28  Marine, Combat Shields  
  93  8:29  SCV  
  93  8:31  Widow Mine x2  
  93  8:33  Marine x3  
  93  8:34  Marine x2  
  106  8:36  Marine x2  
  106  8:39  SCV x2  
  111  8:44  SCV  
  111  8:45  Marine  
  113  8:52  Barracks Tech Lab  
  113  8:53  Barracks Reactor  
  113  8:54  Barracks Reactor, Barracks Tech Lab  
  113  8:55  Barracks Reactor  
  113  8:56  Barracks Tech Lab  
  113  8:57  Refinery x2  
  113  9:01  Command Center  
  113  9:06  Command Center  
  113  9:11  SCV x3  
  116  9:23  SCV x2  
  118  9:26  Marauder, Marine x3  
  123  9:33  Missile Turret  
  123  9:34  Marine  
  123  9:35  Marauder x2, Marine x4  
  123  9:36  Marine x3  
  136  9:38  SCV x3  
  136  9:39  Missile Turret  
  136  9:45  Missile Turret  
  138  9:46  Missile Turret  
  138  9:47  Missile Turret  
  138  9:48  Marine  
  138  9:49  Marine  
  138  9:50  SCV  
  141  10:04  Supply Depot  
  141  10:05  Supply Depot  
  141  10:06  Supply Depot  
  141  10:07  Missile Turret  
  141  10:10  Missile Turret  
  141  10:12  Widow Mine x2  
  141  10:13  Viking x2  
  149  10:16  Marine  
  149  10:17  Marauder, Marine x3  
  155  10:25  Planetary Fortress  
  155  10:26  SCV x2  
  155  10:27  Bunker, Supply Depot  
  157  10:29  Bunker, Supply Depot x2  
  157  10:34  Missile Turret, Marine x2  
  157  10:35  Marauder, Marine x4  
  163  10:36  Marine x3  
  163  10:37  Terran Infantry Weapons Level 2, Terran Infantry Armor Level 2  
  168  10:50  Marauder, Marine x3  
  168  10:52  Marine x2  
  168  10:53  Marine  
  174  11:03  Marauder, Marine x3  
  174  11:04  Marine x2  
  179  11:05  Viking x2  
  179  11:08  Planetary Fortress  
  179  11:10  Missile Turret  
  184  11:14  Missile Turret x2  
  184  11:17  Missile Turret  
  174  11:35  Viking  
  162  11:58  Marauder, Marine x5  
  162  11:59  Marauder x2, Marine x5  
  162  12:00  Marauder  
  171  12:01  Widow Mine  
  171  12:02  Widow Mine  
  171  12:03  Viking  
  171  12:05  Viking  
  171  12:08  Starport x2  
  177  12:10  Starport  
  168  12:16  Marine x3  
  168  12:20  Marauder, Marine x4  
  168  12:21  Marauder x3, Marine x3  
  149  12:32  Viking  
  149  12:34  Marine x3  
  135  12:38  Marine x5  
  135  12:39  Marine x2  
  135  12:41  Marauder  
  129  12:48  Marine  
  129  12:49  Marauder x2  
  110  12:51  Marine x2  
  112  13:03  Marauder  
  111  13:06  Marauder, Marine x6  
  111  13:07  Marine  
  111  13:10  Marauder x2, Liberator x3  
  111  13:11  Liberator x2  
  124  13:24  Marauder  
  126  13:28  Marauder  
  126  13:29  Marine x5  
  126  13:31  Widow Mine, Marauder  
  126  13:32  Marine x4  
  126  13:33  Marauder  
  157  13:53  Liberator x2  
  157  14:09  Marine  
  155  14:10  Marauder, Marine x5, Medivac  
  155  14:11  Marauder x3, Marine, Medivac  
  155  14:16  Marine x2  
  180  14:18  Medivac  
  170  14:27  Marine x2  
  170  14:28  Marine x5  
  176  14:32  Marauder x2  
  180  14:39  Marauder, Liberator, Marine  
  180  14:43  Supply Depot  
  183  14:54  Marauder x2, Marine x6  
  196  15:02  Command Center  
  196  15:04  Medivac  
  196  15:05  Marauder, Missile Turret  
  200  15:07  Missile Turret  
  200  15:11  Missile Turret, Medivac  
  199  15:16  Liberator x2  
  199  15:33  Marauder  
  188  15:45  Marine x2  
  188  15:46  Marauder x3, Marine x4  
  200  15:55  Marauder  
  198  16:03  Marine x3  
  198  16:04  Marine x6  
  169  16:07  Marauder x3  
  144  16:16  Marauder  
  143  16:21  Marine x5  
  148  16:28  Marauder  
  148  16:29  Marauder x2  
  154  16:34  Concussive Shells  
  154  16:36  Marine x2  
  154  16:37  Marauder  
  142  16:47  Viking x4  
  158  16:48  Viking  
  158  16:50  Marauder x2  
  158  16:52  Terran Ship Weapons Level 1  
  172  16:54  Barracks Tech Lab  
  172  17:07  Marine x2  
  172  17:08  Marauder x2  
  178  17:10  Marine x3  
  178  17:11  Marine x2  
  178  17:14  Planetary Fortress  
  183  17:17  Viking x4  
  183  17:18  Missile Turret  
  183  17:21  Sensor Tower  
  191  17:24  SCV  
  191  17:25  SCV  
  193  17:30  Marine x4  
  197  18:07  Marauder, Marine  
  184  18:30  Marauder x2, Marine x6  
  184  18:31  Marauder x3, Marine x2  
  141  18:47  Marine  
  141  18:48  Marine x7  
Show
View Real Time Build Order
Export as new Build Order

Loken Zerg - Winner!

Build Orders: Hatch First 

Get SALT Encoding   

  12  0:01  Drone  
  13  0:10  Drone  
  14  0:18  Overlord  
  14  0:52  Drone x2  
  14  0:55  Hatchery  
  14  0:56  Drone  
  17  1:04  Drone  
  17  1:14  Drone  
  18  1:22  Spawning Pool  
  18  1:25  Drone, Extractor  
  17  1:38  Drone  
  18  1:47  Drone  
  19  1:57  Drone  
  20  2:11  Drone x2  
  20  2:13  Queen  
  24  2:18  Overlord  
  24  2:24  Drone  
  24  2:29  Drone  
  26  2:30  Queen  
  26  2:35  Metabolic Boost  
  28  2:43  Drone  
  29  2:44  Drone, Roach Warren  
  29  2:53  Drone  
  29  2:54  Drone  
  32  2:58  Drone  
  32  3:03  Drone  
  33  3:09  Extractor  
  32  3:13  Drone x3  
  35  3:25  Overlord x2  
  35  3:27  Drone  
  36  3:46  Roach  
  36  3:47  Roach x6  
  50  3:54  Roach  
  52  3:56  Overlord x3  
  52  4:18  Roach x7  
  66  4:30  Extractor  
  65  4:37  Lair  
  65  4:39  Drone x6  
  71  4:47  Extractor  
  70  5:00  Drone x6  
  70  5:03  Overlord  
  76  5:07  Overlord x2  
  76  5:22  Roach  
  76  5:23  Roach x3  
  84  5:33  Roach  
  84  5:34  Roach x3  
  92  5:42  Hatchery  
  92  5:45  Ravager x3  
  94  6:08  Overlord x3  
  94  6:13  Roach x3  
  100  6:41  Roach x10  
  100  6:43  Unknown  
  100  6:44  Glial Reconstitution  
  120  7:20  Overlord x2  
  120  7:21  Overlord x3  
  120  7:43  Drone x11  
  66  8:35  Roach x4  
  66  8:36  Roach x5  
  74  8:50  Spore Crawler  
  74  8:52  Spore Crawler  
  72  8:57  Spore Crawler x2  
  72  8:59  Spore Crawler  
  72  9:01  Extractor  
  72  9:02  Drone  
  69  9:03  Drone x7  
  69  9:04  Extractor  
  75  9:12  Ravager x8  
  75  9:13  Ravager  
  84  9:22  Infestation Pit  
  84  9:23  Tunneling Claws  
  83  9:25  Burrow  
  83  9:35  Spore Crawler  
  83  9:36  Spore Crawler  
  83  9:37  Spore Crawler  
  80  9:48  Drone x2  
  80  9:49  Drone x7  
  80  9:50  Drone x2  
  91  10:03  Hatchery  
  91  10:07  Hatchery  
  89  10:09  Hatchery  
  89  10:12  Roach x6  
  89  10:13  Roach x3  
  106  10:19  Spire  
  105  10:37  Hive  
  105  10:41  Ravager  
  105  10:42  Ravager x6  
  112  10:47  Ravager  
  113  10:52  Ravager  
  114  11:14  Evolution Chamber  
  114  11:16  Evolution Chamber  
  112  11:20  Evolution Chamber  
  111  11:40  Mutalisk  
  111  11:41  Mutalisk x7  
  111  11:43  Zergling x2  
  111  11:44  Zergling x28  
  111  11:45  Zergling x20  
  149  12:03  Zergling x2  
  149  12:04  Zergling x22  
  143  12:33  Roach  
  143  12:34  Roach x14  
  143  12:35  Roach x3  
  179  12:39  Zerg Melee Weapons Level 1  
  179  12:40  Zerg Ground Armor Level 1, Zerg Missile Weapons Level 1  
  179  12:42  Adrenal Glands  
  107  13:25  Zergling x10  
  107  13:26  Zergling x26  
  75  13:46  Corruptor  
  75  13:47  Corruptor x5  
  62  14:08  Mutalisk x6  
  62  14:09  Mutalisk  
  59  14:10  Zergling x6  
  59  14:11  Zergling x28  
  66  14:50  Hatchery  
  31  16:16  Mutalisk  
  31  16:17  Mutalisk x5  
  43  16:46  Hatchery  
  42  17:12  Queen  
  40  17:36  Mutalisk x3  
  46  18:25  Zergling x20  
  46  18:26  Zergling x22  
Show
View Real Time Build Order
Export as new Build Order

Myran Protoss - Winner!

Build Orders:  

Get SALT Encoding   

  12  0:02  Probe (Chrono Boost)  
  13  0:13  Probe (Chrono Boost)  
  14  0:24  Pylon  
  14  0:25  Probe (Chrono Boost)  
  16  0:42  Probe (Chrono Boost)  
  16  0:43  Gateway  
  16  0:53  Probe (Chrono Boost)  
  17  1:03  Assimilator, Probe (Chrono Boost)  
  18  1:07  Forge  
  18  1:14  Probe (Chrono Boost)  
  19  1:25  Probe (Chrono Boost)  
  20  1:31  Zealot  
  22  1:35  Probe (Chrono Boost)  
  23  1:42  Photon Cannon  
  23  1:47  Pylon  
  23  1:59  Photon Cannon  
  23  2:06  Probe (Chrono Boost)  
  24  2:16  Cybernetics Core, Probe (Chrono Boost)  
  24  2:22  Zealot  
  27  2:23  Pylon  
  27  2:27  Probe (Chrono Boost)  
  28  2:33  Photon Cannon  
  28  2:37  Probe (Chrono Boost)  
  28  2:43  Assimilator  
  29  2:46  Warp Gate  
  29  3:01  Stalker  
  29  3:03  Probe (Chrono Boost)  
  32  3:13  Probe (Chrono Boost)  
  33  3:50  Stalker  
  33  3:52  Probe (Chrono Boost)  
  33  3:54  Protoss Shields Level 1  
  36  4:02  Gateway  
  36  4:07  Pylon  
  36  4:09  Pylon  
  36  4:33  Mothership Core (Chrono Boost)  
  36  4:39  Photon Cannon  
  36  4:42  Photon Cannon  
  36  4:52  Probe (Chrono Boost)  
  37  5:03  Stalker, Zealot  
  41  5:24  Nexus  
  41  5:25  Pylon  
  41  5:26  Pylon  
  41  5:31  Probe (Chrono Boost)  
  42  5:41  Pylon  
  43  5:43  Probe (Chrono Boost)  
  43  5:44  Stalker, Pylon, Zealot  
  47  5:54  Protoss Ground Weapons Level 1  
  48  5:58  Probe (Chrono Boost)  
  48  6:10  Probe (Chrono Boost)  
  49  6:18  Photon Cannon  
  49  6:21  Photon Cannon  
  49  6:33  Zealot  
  49  6:34  Zealot  
  51  6:56  Stalker x2  
  45  7:26  Zealot x2  
  49  7:32  Probe (Chrono Boost)  
  50  7:40  Photon Cannon x2  
  50  7:42  Probe (Chrono Boost)  
  51  7:47  Pylon  
  51  7:50  Pylon  
  51  7:53  Probe (Chrono Boost)  
  51  7:54  Pylon  
  51  7:57  Assimilator  
  52  8:01  Zealot  
  52  8:02  Assimilator  
  52  8:03  Probe (Chrono Boost)  
  55  8:08  Nexus  
  55  8:14  Probe (Chrono Boost)  
  56  8:21  Photon Cannon  
  56  8:24  Probe (Chrono Boost)  
  56  8:25  Photon Cannon  
  57  8:35  Probe (Chrono Boost)  
  57  8:41  Probe (Chrono Boost)  
  59  8:42  Protoss Air Weapons Level 1  
  59  8:45  Probe (Chrono Boost)  
  59  8:48  Stalker x2  
  64  8:56  Probe (Chrono Boost)  
  65  9:06  Probe (Chrono Boost)  
  65  9:07  Pylon  
  66  9:10  Pylon  
  66  9:13  Pylon  
  66  9:16  Stalker x2  
  70  9:25  Probe (Chrono Boost)  
  71  9:36  Probe (Chrono Boost)  
  72  9:41  Stargate  
  72  9:42  Stargate  
  72  9:46  Probe (Chrono Boost)  
  72  9:50  Probe (Chrono Boost)  
  74  9:57  Probe (Chrono Boost)  
  75  10:00  Probe (Chrono Boost)  
  75  10:06  Stalker  
  78  10:07  Probe (Chrono Boost)  
  78  10:11  Probe (Chrono Boost)  
  80  10:18  Probe (Chrono Boost)  
  81  10:21  Nexus  
  81  10:22  Probe (Chrono Boost)  
  81  10:25  Void Ray  
  81  10:26  Void Ray  
  90  10:35  Assimilator  
  90  10:36  Probe (Chrono Boost)  
  90  10:37  Protoss Air Armor Level 1  
  90  10:38  Assimilator  
  91  10:47  Probe (Chrono Boost)  
  92  10:57  Twilight Council  
  92  11:05  Probe (Chrono Boost)  
  92  11:08  Void Ray x2  
  101  11:15  Probe (Chrono Boost)  
  102  11:29  Fleet Beacon  
  102  11:34  Photon Cannon  
  102  11:35  Probe (Chrono Boost)  
  102  11:38  Photon Cannon  
  102  11:39  Probe (Chrono Boost)  
  104  11:46  Probe (Chrono Boost)  
  105  11:51  Stalker, Void Ray x2  
  105  11:52  Stalker  
  117  11:56  Probe (Chrono Boost)  
  108  12:30  Stalker x2  
  108  12:35  Charge  
  108  12:36  Protoss Shields Level 2  
  112  12:37  Protoss Air Weapons Level 2  
  112  12:41  Carrier x2  
  124  12:53  Gateway  
  124  12:54  Gateway  
  124  12:56  Gateway  
  88  13:41  Stalker x2  
  92  13:56  Zealot x3  
  98  14:07  Void Ray x2  
  106  14:17  Zealot x4  
  106  14:18  Zealot  
  116  14:42  Graviton Catapult  
  116  14:50  Void Ray x2  
  116  14:51  Stargate, Blink  
  124  14:53  Protoss Air Armor Level 2, Probe (Chrono Boost)  
  124  14:54  Stargate  
  125  15:01  Assimilator  
  125  15:03  Stalker x5, Assimilator  
  125  15:04  Probe (Chrono Boost)  
  136  15:09  Protoss Shields Level 3  
  136  15:14  Probe (Chrono Boost)  
  137  15:25  Probe (Chrono Boost)  
  138  15:32  Carrier  
  138  15:33  Carrier  
  136  16:29  Carrier x2  
  144  16:58  Carrier, Void Ray  
  142  17:41  Void Ray  
  146  17:55  Void Ray x2  
  154  18:24  Void Ray  
Show
View Real Time Build Order
Export as new Build Order

Scaramanga Terran 

Build Orders: Reaper Expand 

Get SALT Encoding   

  12  0:01  SCV  
  13  0:13  SCV  
  14  0:24  Supply Depot  
  14  0:25  SCV  
  15  0:45  SCV  
  16  0:50  Barracks  
  16  0:57  Refinery, SCV  
  17  1:09  SCV  
  18  1:21  SCV  
  19  1:43  Orbital Command  
  19  1:45  Reaper  
  19  1:46  Command Center  
  20  2:04  Barracks  
  20  2:08  Barracks  
  20  2:18  SCV  
  21  2:29  Barracks Tech Lab  
  21  2:30  SCV  
  21  2:35  Supply Depot  
  22  2:42  SCV  
  23  2:56  SCV  
  23  2:57  Marine  
  23  2:58  Marauder, Marine  
  27  2:59  Concussive Shells  
  27  3:08  SCV  
  25  3:30  SCV  
  25  3:32  Orbital Command  
  26  3:42  SCV, Marine  
  26  3:43  Marauder  
  26  3:44  Marine  
  31  3:49  Refinery  
  31  3:54  SCV  
  31  4:00  SCV  
  31  4:02  Factory  
  32  4:06  SCV  
  33  4:12  SCV  
  34  4:17  Barracks Reactor  
  34  4:18  SCV  
  34  4:19  Barracks Tech Lab  
  35  4:25  Stimpack  
  35  4:29  SCV  
  35  4:30  SCV  
  37  4:36  Supply Depot  
  37  4:39  Supply Depot  
  37  4:41  SCV  
  37  4:42  SCV  
  39  4:52  Starport  
  39  4:53  SCV  
  39  4:54  SCV  
  41  5:03  Factory Reactor  
  41  5:04  Marine  
  41  5:05  SCV, Marine x3  
  41  5:06  SCV  
  47  5:12  Refinery  
  47  5:16  Refinery  
  47  5:17  SCV  
  48  5:22  Marine  
  48  5:23  Marine x3, Engineering Bay  
  52  5:36  Supply Depot  
  52  5:38  SCV x2  
  52  5:40  Marine  
  52  5:41  Marine  
  56  5:45  Factory Tech Lab  
  56  5:46  Medivac  
  56  5:48  Medivac  
  60  5:50  SCV  
  60  5:51  Supply Depot  
  60  5:52  SCV  
  62  6:02  SCV  
  63  6:04  SCV  
  64  6:16  Marine  
  64  6:17  Marauder, Marine x2  
  69  6:31  SCV x2  
  71  6:35  Medivac x2  
  71  6:36  Command Center, Siege Tank  
  78  6:57  Marine  
  78  6:58  SCV x2  
  78  6:59  Marine  
  78  7:00  Marauder  
  78  7:02  Marauder  
  67  7:10  Siege Tank  
  69  7:15  Marine  
  69  7:16  Marine  
  69  7:20  Barracks  
  69  7:21  Marauder  
  71  7:24  Marauder  
  67  7:33  Marine  
  69  7:50  Marine  
  49  8:17  Marine x2  
  49  8:18  Siege Tank  
  54  8:35  Marine x2  
  56  8:45  Barracks  
  56  8:46  Missile Turret  
  56  8:47  Barracks  
  56  8:48  Missile Turret  
  56  8:49  SCV x2  
  56  8:52  Marine  
  56  8:53  Marine  
  60  9:01  SCV x2  
  62  9:10  Marine x2  
  62  9:13  SCV  
  62  9:14  SCV  
  62  9:15  Siege Tank  
  69  9:17  Marine  
  69  9:21  Terran Infantry Weapons Level 1  
  70  9:25  SCV  
  70  9:26  SCV  
  70  9:28  Marine x2, Command Center  
  74  9:33  Factory, Starport  
  74  9:35  Marine  
  75  9:46  Marine  
  75  9:47  Barracks Reactor x2  
  75  9:48  Barracks Tech Lab  
  76  9:53  Marine  
  76  9:54  Supply Depot, Siege Tank  
  76  9:57  Supply Depot x2  
  76  9:58  Medivac  
  76  9:59  Medivac  
  84  10:00  Supply Depot  
  84  10:04  Marine  
  85  10:13  Marine  
  86  10:15  Marine  
  86  10:16  Starport Reactor  
  86  10:17  Factory Tech Lab  
  86  10:18  Sensor Tower  
  87  10:26  Siege Tank  
  90  10:32  Marine  
  90  10:33  Marauder, Marine x3  
  90  10:34  Marine x2  
  97  10:50  Marine  
  97  10:51  Marine x4  
  102  11:15  Terran Infantry Armor Level 1  
  102  11:36  SCV x2  
  102  11:37  Marauder, Marine x3  
  102  11:38  Marine x3  
  111  11:48  SCV x2  
  113  11:58  Marauder  
  113  12:00  SCV  
  114  12:09  Marine  
  114  12:10  Marine  
  115  12:20  Marauder  
  115  12:26  Marine x4  
  115  12:27  Marine x2  
  111  12:41  Orbital Command, Marauder  
  103  12:59  Orbital Command  
  103  13:03  Marauder  
  103  13:24  Marauder  
  103  13:25  Viking x4  
  105  13:29  SCV x2  
  105  13:31  SCV  
  105  13:41  SCV x2  
  105  13:43  SCV  
  108  13:53  SCV x2  
  108  13:55  Viking x3, SCV  
  83  14:09  SCV x3  
  86  14:13  Refinery  
  86  14:21  SCV x3  
  77  14:36  SCV x3  
  65  14:44  Barracks Tech Lab  
  65  14:45  Refinery x2, Marine x2  
  67  14:46  Marauder, Marine x3  
  67  14:48  Viking x2  
  67  14:50  Viking x2  
  80  14:53  Armory  
  79  15:03  Marine  
  79  15:05  SCV x2  
  83  15:07  Marauder  
  83  15:16  Siege Tank x2  
  83  15:17  SCV  
  83  15:18  Viking x2  
  83  15:20  Viking x2  
  94  15:28  Marauder  
  92  15:48  Marauder, Marine x2, Siege Tank x2  
  92  15:49  Marine x4  
  106  16:06  Marine x2  
  106  16:07  Marine x4  
  106  16:09  Marine  
  113  16:24  Marine x5  
  113  16:25  Marine, Siege Tank x2  
  122  16:27  Marine  
  126  16:37  Terran Ship Weapons Level 1  
  126  16:39  Terran Infantry Weapons Level 2  
  126  16:41  Marine  
  126  16:42  Marine x4  
  126  16:43  Marine  
  126  16:45  Marine  
  133  17:02  Marine x2  
  133  17:03  Marine x4, Siege Tank  
  133  17:05  Siege Tank  
  118  17:15  Viking x4  
  84  17:35  Siege Tank  
  87  17:40  Marine x2  
  87  17:41  Marauder, Marine x2  
  91  17:45  Viking x3  
  91  17:48  Siege Tank  
  98  18:02  Marine x2  
  98  18:03  Marauder, Marine x3  
  98  18:04  Marine  
  106  18:20  Marine x3  
  106  18:21  Marine x2  
  61  18:38  Marine x5  
  61  18:39  Marine x2  
Show
View Real Time Build Order
Export as new Build Order

TimeTwist Protoss 

Build Orders: Blink Stalkers 

Get SALT Encoding   

  12  0:01  Probe (Chrono Boost)  
  13  0:11  Probe (Chrono Boost)  
  14  0:20  Pylon  
  14  0:23  Probe (Chrono Boost)  
  15  0:39  Gateway, Probe (Chrono Boost)  
  16  0:49  Probe (Chrono Boost)  
  17  0:53  Assimilator  
  17  1:00  Probe (Chrono Boost)  
  18  1:04  Pylon  
  18  1:10  Probe (Chrono Boost)  
  19  1:21  Probe (Chrono Boost)  
  20  1:26  Cybernetics Core  
  20  1:31  Probe (Chrono Boost)  
  21  1:35  Zealot  
  23  1:41  Assimilator  
  23  1:42  Probe (Chrono Boost)  
  24  1:52  Probe (Chrono Boost)  
  24  1:53  Warp Gate  
  25  2:03  Probe (Chrono Boost)  
  26  2:12  Twilight Council  
  27  2:16  Probe (Chrono Boost)  
  27  2:20  Stalker  
  30  2:30  Probe (Chrono Boost)  
  30  2:32  Pylon  
  30  2:46  Nexus  
  30  2:47  Blink  
  30  2:49  Pylon  
  30  2:56  Probe (Chrono Boost)  
  31  3:09  Stalker  
  33  3:21  Gateway  
  33  3:27  Gateway  
  33  3:31  Probe (Chrono Boost)  
  34  3:43  Probe (Chrono Boost)  
  35  3:51  Forge  
  36  3:55  Probe (Chrono Boost)  
  36  3:58  Probe (Chrono Boost)  
  37  4:07  Probe (Chrono Boost)  
  37  4:09  Probe (Chrono Boost)  
  39  4:17  Stalker  
  39  4:19  Probe (Chrono Boost)  
  39  4:20  Probe (Chrono Boost)  
  43  4:28  Photon Cannon  
  43  4:31  Photon Cannon  
  43  4:32  Stalker  
  43  4:37  Stalker  
  47  4:43  Stalker  
  51  4:45  Probe (Chrono Boost)  
  51  4:46  Probe (Chrono Boost)  
  51  4:57  Pylon  
  51  4:58  Probe (Chrono Boost)  
  51  4:59  Robotics Facility  
  52  5:04  Stalker  
  54  5:08  Stalker  
  54  5:12  Probe x2 (Chrono Boost)  
  58  5:20  Assimilator  
  58  5:23  Probe (Chrono Boost)  
  58  5:24  Protoss Ground Weapons Level 1, Probe (Chrono Boost)  
  58  5:25  Assimilator  
  60  5:33  Probe (Chrono Boost)  
  62  5:36  Probe (Chrono Boost)  
  62  5:37  Stalker  
  62  5:39  Stalker  
  66  5:44  Probe (Chrono Boost)  
  66  5:47  Observer  
  66  5:48  Probe (Chrono Boost)  
  69  5:54  Probe (Chrono Boost)  
  69  5:56  Pylon  
  70  5:59  Gateway  
  70  6:02  Gateway  
  70  6:06  Pylon  
  70  6:16  Probe (Chrono Boost)  
  71  6:26  Stalker  
  71  6:27  Stalker x2  
  71  6:29  Probe (Chrono Boost)  
  71  6:31  Probe (Chrono Boost)  
  79  6:43  Probe (Chrono Boost)  
  79  6:45  Nexus  
  80  6:47  Pylon  
  70  7:23  Zealot x3  
  70  7:26  Immortal, Charge  
  76  7:33  Gateway  
  76  7:34  Robotics Facility  
  80  7:38  Gateway, Robotics Bay  
  80  7:40  Protoss Ground Armor Level 1  
  80  7:47  Forge  
  80  7:48  Sentry  
  80  7:49  Sentry x2  
  80  7:50  Zealot x2  
  90  7:55  Probe (Chrono Boost)  
  90  7:56  Probe (Chrono Boost)  
  92  8:08  Probe (Chrono Boost)  
  93  8:15  Pylon  
  81  8:33  Stalker x4  
  81  8:34  Stalker  
  91  8:41  Probe (Chrono Boost)  
  92  8:42  Extended Thermal Lance  
  92  8:43  Assimilator  
  92  8:44  Assimilator  
  92  8:49  Pylon  
  92  8:51  Probe (Chrono Boost), Protoss Ground Weapons Level 2, Colossus x2  
  105  8:59  Zealot x3  
  105  9:00  Zealot x2  
  115  9:07  Zealot x2  
  119  9:19  Photon Cannon  
  119  9:25  Probe (Chrono Boost)  
  119  9:26  Probe (Chrono Boost)  
  119  9:27  Probe (Chrono Boost)  
  119  9:30  Pylon  
  122  9:32  Stalker  
  122  9:38  Pylon x2, Probe (Chrono Boost)  
  125  9:39  Pylon  
  125  9:49  Colossus  
  131  9:55  Colossus  
  131  9:57  Sentry x2  
  141  10:00  Zealot x3  
  141  10:03  Pylon  
  147  10:07  Pylon  
  147  10:08  Protoss Ground Armor Level 2  
  147  10:20  Zealot x2  
  147  10:21  Zealot  
  153  10:22  Zealot x3  
  153  10:24  Zealot  
  161  10:29  Stargate  
  161  10:48  Colossus  
  161  10:49  Colossus  
  173  11:04  Pylon  
  173  11:06  Pylon  
  173  11:26  Nexus  
  173  11:28  Pylon  
  173  11:30  Pylon  
  173  11:31  Pylon  
  173  11:33  Pylon  
  173  11:38  Pylon  
  165  12:01  Colossus x2  
  134  12:33  Stalker x3  
  134  12:34  Stalker x4  
  148  12:40  Probe (Chrono Boost)  
  149  12:51  Probe (Chrono Boost)  
  144  13:07  Stalker x6  
  144  13:08  Stalker  
  138  13:31  Colossus x2  
  128  13:39  Zealot x5  
  128  13:40  Zealot  
  128  13:41  Zealot  
  118  14:24  Colossus  
  118  14:25  Colossus  
  130  14:31  Stalker x2  
  130  14:32  Stalker x4, Zealot  
  144  14:49  Assimilator  
  144  14:51  Assimilator  
  145  14:53  Probe (Chrono Boost)  
  145  14:54  Void Ray  
  145  14:55  Photon Cannon  
  149  15:00  Stargate  
  149  15:01  Stargate, Zealot x3, Pylon  
  149  15:02  Sentry, Pylon  
  149  15:03  Sentry, Probe (Chrono Boost)  
  149  15:06  Sentry x2  
  164  15:18  Colossus x2  
  176  15:23  Nexus  
  176  15:25  Pylon  
  176  15:29  Zealot x3  
  176  15:30  Pylon  
  176  15:31  Zealot  
  176  15:32  Zealot  
  176  15:33  Pylon  
  184  15:42  Stalker x2  
  112  16:13  Zealot x4  
  112  16:14  Zealot x2  
  103  16:26  Void Ray x3  
  109  16:38  Stalker x2  
  88  17:03  Void Ray x3  
  91  17:16  Gateway  
  91  17:17  Gateway  
  91  17:19  Gateway  
  91  17:21  Gateway  
  91  17:31  Stalker x2  
  95  17:40  Void Ray x3  
  95  17:47  Probe (Chrono Boost)  
  95  17:48  Probe (Chrono Boost)  
  109  17:59  Gateway  
  109  18:01  Gateway  
  109  18:05  Gateway  
  109  18:07  Gateway  
  109  18:08  Pylon  
Show
View Real Time Build Order
Export as new Build Order

FrogMint Zerg 

Build Orders: Pool First 

Get SALT Encoding   

  12  0:01  Drone  
  13  0:12  Overlord  
  13  0:18  Drone  
  14  0:31  Drone x2  
  14  0:35  Drone  
  17  0:41  Extractor  
  16  0:53  Spawning Pool  
  16  0:56  Drone x2  
  17  1:07  Drone  
  18  1:26  Hatchery  
  17  1:34  Drone x2  
  17  1:39  Drone  
  20  1:48  Queen  
  22  1:56  Metabolic Boost  
  22  2:03  Overlord  
  22  2:19  Overlord  
  22  2:21  Zergling x2  
  23  2:29  Drone  
  24  2:33  Drone  
  25  2:40  Queen  
  27  2:50  Drone  
  27  2:51  Drone  
  29  2:58  Zergling x6  
  30  3:03  Zergling x6  
  34  3:08  Spine Crawler  
  34  3:10  Queen  
  35  3:16  Spine Crawler  
  34  3:43  Zergling x6  
  37  3:58  Drone x3  
  37  3:59  Drone x4  
  44  4:11  Overlord  
  44  4:12  Overlord  
  44  4:13  Lair  
  43  4:37  Overlord  
  43  4:38  Overlord x2  
  43  4:40  Drone x3  
  43  4:43  Extractor  
  43  4:45  Drone x2  
  47  4:48  Extractor  
  44  5:04  Roach Warren  
  44  5:07  Drone x5  
  44  5:10  Drone x2  
  44  5:11  Overlord  
  44  5:12  Drone x2, Overlord  
  52  5:37  Drone x2  
  55  5:42  Drone  
  55  5:43  Drone x2  
  55  5:47  Extractor  
  56  5:53  Drone x3, Evolution Chamber  
  56  5:54  Drone  
  59  6:03  Roach x5  
  69  6:04  Glial Reconstitution  
  69  6:19  Overseer  
  69  6:21  Pneumatized Carapace  
  69  6:34  Drone x2  
  69  6:35  Roach  
  69  6:36  Roach  
  75  6:52  Roach x2  
  74  7:23  Zerg Melee Weapons Level 1  
  74  7:24  Roach  
  74  7:25  Roach x11  
  74  7:26  Overlord x2  
  74  7:27  Overlord  
  97  7:38  Roach  
  89  8:04  Roach  
  89  8:05  Roach x9  
  101  8:17  Roach x2  
  93  8:31  Roach  
  93  8:32  Roach x2  
  89  9:06  Ravager x8  
  89  9:07  Ravager x9  
  106  9:15  Hatchery  
  105  9:17  Zerg Missile Weapons Level 1  
  105  9:19  Hatchery  
  105  9:22  Roach x7  
  105  9:23  Hatchery, Overlord x2  
  117  9:34  Roach x3  
  117  9:37  Overlord x3  
  123  9:47  Overseer  
  123  10:03  Roach x2  
  123  10:04  Roach x6  
  139  10:09  Overseer  
  139  10:18  Roach x7  
  153  10:29  Spore Crawler  
  153  10:32  Drone, Spore Crawler  
  153  10:33  Drone x2  
  153  10:34  Drone x2  
  155  11:06  Hatchery  
  155  11:09  Spine Crawler  
  155  11:10  Spine Crawler x2  
  151  11:17  Spore Crawler  
  152  11:25  Roach  
  152  11:26  Roach x12  
  152  11:28  Overlord x3  
  176  11:51  Roach x4  
  184  11:59  Roach x2  
  128  12:23  Roach x5  
  111  12:55  Roach x6  
  64  13:32  Hatchery  
  61  13:46  Roach, Zergling x2  
  64  14:05  Hatchery  
  63  14:21  Roach  
  57  14:35  Drone x10  
  57  14:36  Drone x3  
  70  14:39  Drone  
  71  14:57  Drone x6  
  77  15:11  Drone x3  
  81  15:14  Ravager x3  
  81  15:15  Ravager  
  79  15:30  Spore Crawler  
  79  15:31  Spore Crawler x2  
  76  15:36  Spore Crawler  
  75  15:49  Zergling x8  
  67  16:20  Roach  
  67  16:21  Roach x8  
  85  16:39  Extractor  
  84  16:40  Extractor  
  84  16:41  Roach  
  84  16:42  Roach x3  
  91  17:01  Roach x4  
  89  17:35  Roach x5  
  89  17:36  Roach x3, Ravager  
  106  17:48  Roach x2  
  92  18:10  Ravager x5  
  84  18:19  Roach x3  
Tags
 
Add a new tag
Caveats
  • Supply blocks, unpowered buildings, or Contaminate may cause inaccurate times.
  • Supply counts are checked every 10 seconds.